 Dungeon Crawl Stone Soup version 0.30-a0-585-g93115170b9 (webtiles) character file.

Game seed: 12815938762010930921

2550 Newt the Trooper (level 9, -3/72 HPs)
             Began as a Demonspawn Gladiator on Jan 1, 2023.
             Slain by a gnoll
             ... wielding a +0 flail
             ... led by a gnoll sergeant
              (6 damage)
             ... on level 7 of the Dungeon.
             The game lasted 00:08:00 (6402 turns).

Newt the Trooper (Demonspawn Gladiator)             Turns: 6402, Time: 00:08:00

Health: -3/72      AC:  8    Str: 19    XL:     9   Next: 30%
Magic:  9/9        EV: 13    Int: 15    God:
Gold:   374        SH:  0    Dex: 15    Spells: 8/8 levels left

rFire   . . .      SeeInvis .    s - +1 spear (flame)
rCold   . . .      Faith    .    (no shield)
rNeg    + . .      Spirit   .    b - +1 leather armour
rPois   .          Reflect  .    (helmet restricted)
rElec   .          Harm     .    (no cloak)
rCorr   .          Rampage  .    x - +0 pair of gloves
Will    .....                    (no boots)
Stlth   ++                       v - amulet of regeneration
HPRegen 1.12/turn                r - +6 ring of intelligence
MPRegen 0.11/turn                t - ring of positive energy

@: no status effects
A: antennae 1, yellow scales 2, ignite blood 3
a: no special abilities


You were on level 7 of the Dungeon.
You visited 2 branches of the dungeon, and saw 8 of its levels.

You collected 374 gold pieces.

Inventory:

Hand Weapons
 a - a +0 rapier
 s - a +1 spear of flaming (weapon)
Missiles
 d - 3 throwing nets (quivered)
 e - a javelin
 q - 21 boomerangs
Armour
 b - a +1 leather armour (worn)
 c - a +0 helmet
 p - the +3 helmet of the Abyss {+Inv Fly Will+++ Int-4}
   (You found it on level 2 of the Dungeon)

   Int:       It affects your intelligence (-4).
   +Inv:      It lets you turn invisible.
   Fly:       It grants you flight.
   Will:      It greatly increases your willpower.
 x - a +0 pair of gloves (worn)
 G - a +0 kite shield
 I - a +0 scale mail
Jewellery
 r - a +6 ring of intelligence (left hand)
 t - a ring of positive energy (right hand)
 v - an amulet of regeneration (around neck)
 y - an amulet of magic regeneration
Wands
 C - a wand of flame (51)
 D - a wand of roots (6)
Scrolls
 i - a scroll of blinking
 j - 5 scrolls of teleportation
 k - 2 scrolls of immolation
 o - 2 scrolls of identify
 u - a scroll of noise
 A - a scroll of brand weapon
 E - a scroll of enchant weapon {unknown}
 F - a scroll of fear {unknown}
 H - a scroll of fog {unknown}
Potions
 f - 5 potions of haste
 g - 3 potions of heal wounds
 h - a potion of ambrosia
 l - 3 potions of degeneration
 m - a potion of brilliance
 n - a potion of flight
 w - 3 potions of curing
 z - a potion of magic
 B - a potion of resistance


   Skills:
 - Level 7.0 Fighting
 - Level 3.0 Short Blades
 - Level 6.0 Polearms
 - Level 3.0 Throwing
 + Level 5.2 Armour
 - Level 4.0 Dodging
 - Level 2.0 Stealth
 - Level 3.0 Evocations


You had 8 spell levels left.
You didn't know any spells.
Your spell library contained the following spells:

 Spells                   Type           Power      Damage    Failure   Level
 Kiss of Death            Conj/Necr      0%         2d5       30%         1
 Confusing Touch          Hex            0%         N/A       67%         3
 Animate Dead             Necr           0%         N/A       97%         4
 Dispel Undead            Necr           0%         3d6       97%         4
 Haunt                    Necr/Summ      0%         N/A       100%        7
 Infestation              Necr           0%         N/A       100%        8


Dungeon Overview and Level Annotations

Branches:
Dungeon (7/15)             Temple (1/1) D:6

Altars:
Ashenzari
Dithmenos
Fedhas
Gozag
Kikubaaqudgha
Okawaru
Ru
Sif Muna
Trog
Uskayaw
Vehumet
Wu Jian
Xom
Yredelemnul

Annotations:
D:7 Prince Ribbit


Innate Abilities, Weirdness & Mutations

You have a pair of small antennae on your head.
You are mostly covered in yellow scales. (AC +3)
Your demonic aura causes all spilled blood to erupt in flames.


Message History

Press: ? - help, Dir - move target, f/p - gnoll sergeant
Aim: a gnoll sergeant, wielding a +0 spear and wearing a +0 ring mail (heavily wounded, about 26% to evade your +1 spear of flaming)
You reach to attack!
You hit the gnoll sergeant but do no damage.
The gnoll sergeant is heavily wounded.
Prince Ribbit hits you. The gnoll barely misses you.
The gnoll sergeant hits you from afar with a +0 spear!
Reach: s) +1 spear (flame)
Press: ? - help, Dir - move target, f/p - gnoll sergeant
Aim: a gnoll sergeant, wielding a +0 spear and wearing a +0 ring mail (heavily wounded, about 26% to evade your +1 spear of flaming)
You reach to attack!
You hit the gnoll sergeant. You burn the gnoll sergeant.
The gnoll sergeant is almost dead.
Prince Ribbit closely misses you.
The gnoll hits you from afar with a +0 spear.
The gnoll sergeant is engulfed in blazing flames.
You kill the gnoll sergeant!
Reach: s) +1 spear (flame)
Press: ? - help, Dir - move target, f - gnoll
Aim: a gnoll, wielding a +0 flail (about 29% to evade your +1 spear of flaming)
You hit the gnoll. You burn the gnoll.
The gnoll is moderately wounded.
Prince Ribbit hits you!
Reach: s) +1 spear (flame)
Press: ? - help, Dir - move target, f/p - gnoll
Aim: a gnoll, wielding a +0 flail (moderately wounded, about 29% to evade your +1 spear of flaming)
You closely miss the gnoll.
The gnoll is moderately wounded.
Prince Ribbit barely misses you. The gnoll hits you with a +0 flail.
The gnoll hits you from afar with a +0 spear.
Prince Ribbit barely misses you.
You closely miss Prince Ribbit.
Prince Ribbit is heavily wounded.
The gnoll barely misses you. x2; Prince Ribbit hits you!
* * * LOW HITPOINT WARNING * * *
You closely miss Prince Ribbit.
Prince Ribbit is heavily wounded.
Prince Ribbit hits you!
* * * LOW HITPOINT WARNING * * *
The gnoll hits you with a +0 flail.
You die...

#............ #
............# ##.
....$....#.#
.>.....#.....#.#
#...##.........#
#..............#
......☼g§...$..#
#.....@F...#
..#...g○.☼..##
............# ..
.........#..# ..#.
....#...>#..##....
##.......#..#.)...
#...)...#..#...#
....#....#......#
###.#...........##


You could see Prince Ribbit and 2 gnolls.

Vanquished Creatures
  Pikel (D:5)
  A steam dragon (D:7)
  Duvessa (D:5)
  Edmund (D:4)
  A water moccasin (D:6)
  2 black bears (D:6)
  An ice beast (D:5)
  An ogre (D:6)
  A centaur (D:6)
  A necrophage (D:5)
  A kobold brigand (D:6)
  2 gnoll sergeants (D:7)
  3 scorpions
  3 wights (D:6)
  Dowan (D:5)
  2 jellies
  4 hounds
  3 iguanas
  3 orc wizards
  8 gnolls
  7 adders
  A white imp (D:6)
  2 dart slugs
  18 orcs
  3 bats
  4 endoplasms
  5 giant cockroaches
  14 hobgoblins
  2 jackals (D:3)
  4 quokkas
  3 ball pythons (D:3)
  4 frilled lizards
  13 goblins
  7 kobolds
  5 rats
  A bush (D:1)
134 creatures vanquished.

Vanquished Creatures (others)
  A plant (D:1)
1 creature vanquished.

Grand Total: 135 creatures vanquished

Notes
Turn   | Place    | Note
-------+----------+-------------------------------------------
     0 | D:1      | Newt the Demonspawn Gladiator began the quest for the Orb.
     0 | D:1      | Reached XP level 1. HP: 16/16 MP: 1/1
    53 | D:1      | Reached skill level 1 in Stealth
   249 | D:1      | Gained mutation: You are partially covered in yellow
                  | scales. (AC +2) [demonic ancestry]
   249 | D:1      | Reached XP level 2. HP: 22/22 MP: 2/2
  1333 | D:2      | Found a shimmering altar of Xom.
  1445 | D:2      | Reached XP level 3. HP: 25/28 MP: 3/3
  1469 | D:2      | Reached skill level 3 in Fighting
  1668 | D:2      | Identified the +3 helmet of the Abyss {+Inv Fly Will+++
                  | Int-4}
  2343 | D:3      | Gained mutation: Your demonic aura sometimes causes spilled
                  | blood to erupt in flames. [demonic ancestry]
  2343 | D:3      | Reached XP level 4. HP: 36/37 MP: 4/4
  2376 | D:3      | Reached skill level 4 in Fighting
  3200 | D:4      | Noticed a scorpion
  3208 | D:4      | Killed a scorpion
  3209 | D:4      | Gained mutation: Your demonic aura often causes spilled
                  | blood to erupt in flames. [demonic ancestry]
  3209 | D:4      | Reached XP level 5. HP: 42/42 MP: 5/5
  3242 | D:4      | Noticed Edmund
  3243 | D:4      | Found a sacrificial altar of Ru.
  3320 | D:4      | Killed Edmund
  3321 | D:4      | Gained mutation: Your demonic aura causes all spilled blood
                  | to erupt in flames. [demonic ancestry]
  3321 | D:4      | Reached XP level 6. HP: 26/48 MP: 6/6
  3416 | D:4      | Found an opulent altar of Gozag.
  3548 | D:4      | Found a blossoming altar of Fedhas.
  3548 | D:4      | Found an ornate altar of the Wu Jian Council.
  3557 | D:4      | Found a faded altar of an unknown god.
  3559 | D:4      | Found a radiant altar of Vehumet.
  3561 | D:4      | Found a shimmering blue altar of Sif Muna.
  3916 | D:5      | Entered Level 5 of the Dungeon
  3916 | D:5      | Found an iron altar of Okawaru.
  3937 | D:5      | Noticed an ice beast
  3963 | D:5      | Killed an ice beast
  3964 | D:5      | Reached skill level 1 in Armour
  4025 | D:5      | Reached XP level 7. HP: 54/54 MP: 7/7
  4297 | D:5      | Noticed Dowan
  4299 | D:5      | Noticed Duvessa
  4375 | D:5      | Reached skill level 1 in Evocations
  4599 | D:5      | Noticed Pikel
  4640 | D:5      | Killed Pikel
  4641 | D:5      | Reached skill level 5 in Fighting
  4641 | D:5      | Gained mutation: You are mostly covered in yellow scales.
                  | (AC +3) [demonic ancestry]
  4641 | D:5      | Reached XP level 8. HP: 57/64 MP: 8/8
  4695 | D:5      | Reached skill level 6 in Fighting
  4877 | D:5      | Killed Duvessa
  4878 | D:5      | Reached skill level 7 in Fighting
  4880 | D:5      | Killed Dowan
  5045 | D:6      | Found a staircase to the Ecumenical Temple.
  5061 | Temple   | Entered the Ecumenical Temple
  5261 | D:6      | Reached skill level 5 in Polearms
  5970 | D:6      | Gained mutation: You have a pair of small antennae on your
                  | head. [demonic ancestry]
  5970 | D:6      | Reached XP level 9. HP: 72/72 MP: 9/9
  6371 | D:7      | Noticed Prince Ribbit
  6390 | D:7      | Reached skill level 5 in Armour
  6402 | D:7      | HP: 3/72 [Prince Ribbit (12)]
  6402 | D:7      | Slain by a gnoll

Illustrated notes

Levels and vault maps discovered:
D:1:      co_arrival_two_rings, layout_loops_ring, serial_forest,
          infiniplex_forest_end_2, infiniplex_forest_lined_room_,
          infiniplex_forest_lined_1, infiniplex_forest_clump_medium,
          infiniplex_forest_fountain, infiniplex_forest_clump_tiny,
          infiniplex_forest_clump_C, infiniplex_forest_lined_room_
D:2:      layout_loops_corners, basic_altar, palyth_stone_intersect
D:3:      cheibrodos_greedy_goblins, layout_loops_corners
D:4:      layout_cave_pools, overflow_temple_1_default,
          chequers_temple_overflow_minitemple, lemuel_tele_altar, uniq_edmund
D:5:      layout_gridville, overflow_temple_1_default, uniq_duvessa, uniq_pikel
D:6:      layout_basic, minmay_temple_entry_stoned_glass, minivault_27
D:7:      layout_rooms, nemelex_xobeh_ov_fountains_minmay,
          nicolae_island_escapes, uniq_prince_ribbit1
Temple:   hellmonk_temple_flake

Skill      XL: |  1  2  3  4  5  6  7  8  9 |
---------------+----------------------------+-----
Stealth        | 1 2 |  2.0
Fighting       | 3 4 5 7 |  7.0
Short Blades   | 3 |  3.0
Throwing       | 3 |  3.0
Polearms       | 2 4 6 |  6.0
Armour         | 1 3 5 |  5.2
Evocations     | 3 |  3.0
Dodging        | 4 |  4.0

Action                   |  1- 3 |  4- 6 |  7- 9 || total
-------------------------+-------+-------+-------++-------
Melee: Rapier            |   378 |    73 |       ||   451
       Punch             |     5 |     2 |     4 ||    11
       Spear             |       |    94 |   264 ||   358
Throw: Javelin           |       |     1 |       ||     1
       Boomerang         |       |     4 |       ||     4
       Throwing net      |       |     1 |       ||     1
  Use: Scroll            |     7 |       |     7 ||    14
       Potion            |     1 |       |     2 ||     3
 Stab: Sleeping          |     6 |     2 |     5 ||    13
Armor: Leather armour    |    53 |    68 |    80 ||   201
Dodge: Dodged            |    90 |    74 |   143 ||   307

Table legend: (Time is in decaauts)
 A = Elapsed time spent in this place.
 B = Non-inter-level travel time spent in this place.
 C = Inter-level travel time spent in this place.
 D = Time resting spent in this place.
 E = Time spent auto-exploring this place.
 F = Levels seen in this place.
 G = Mean time per level.
                   A        B        C        D        E       F      G
               +--------+--------+--------+--------+--------+-----+--------+
         Total |   6390 |   6174 |    216 |    691 |   4047 |   8 |  798.8 |
       Dungeon |   5989 |   5773 |    216 |    448 |   3909 |   7 |  855.6 |
        Temple |    400 |    400 |      0 |    243 |    138 |   1 |  400.0 |
               +--------+--------+--------+--------+--------+-----+--------+

Top non-repeatable levels by time:
     D:3: 1209 daAuts
     D:1: 1135 daAuts
     D:5: 1079 daAuts
     D:2: 884 daAuts
     D:6: 876 daAuts
     D:4: 713 daAuts
  Temple: 400 daAuts
     D:7: 91 daAuts
